 Dungeon Crawl Stone Soup version 0.29.1-14-g9c671dbff4 (webtiles) character file.

Game seed: 10461130688303764907

1729 hawla the Slasher (level 9, -3/62 HPs)
             Began as a Meteoran Fire Elementalist on Feb 12, 2023.
             Was an Initiate of Vehumet.
             Killed from afar by Erica (24 damage)
             ... with a bolt of poison
             ... on level 8 of the Dungeon.
             The game lasted 00:16:38 (2852 turns).

hawla the Slasher (Meteoran Fire Elementalist)      Turns: 2852, Time: 00:16:39

Health: -3/62      AC: 14    Str: 11    XL:     9   Next: 49%
Magic:  0/18       EV: 13    Int: 20    God:    Vehumet [......]
Gold:   223        SH:  0    Dex: 15    Spells: 9/19 levels left

rFire   . . .      SeeInvis +   f - +1 long sword (protect)
rCold   . . .      Faith    .   (no shield)
rNeg    + . .      Spirit   .   a - +0 robe
rPois   .          Reflect  .   g - +1 helmet {SInv}
rElec   .          Harm     .   (no cloak)
rCorr   .          Rampage  .   s - +0 pair of gloves
Will    ++...                   (no boots)
Stlth   +.........              (no amulet)
HPRegen 0.20/turn               q - ring of positive energy
MPRegen 0.16/turn               (no ring)

@: lethally poisoned (-3 -> -20), under a protective aura, very slightly
contaminated, glowing
A: sense surroundings 2, otherworldly, glowing, explore regen, iridescent scales
1, strong-willed 1, sturdy frame 1
a: Renounce Religion


You were on level 8 of the Dungeon.
You worshipped Vehumet.
Vehumet was noncommittal.
You visited 2 branches of the dungeon, and saw 9 of its levels.
You also visited: Sewer.

You collected 223 gold pieces.

Inventory:

Hand Weapons
 f - a +1 long sword of protection (weapon)
Armour
 a - a +0 robe (worn)
 g - a +1 helmet of see invisible (worn)
 s - a +0 pair of gloves (worn)
Jewellery
 q - a ring of positive energy (left hand)
Wands
 r - a wand of paralysis (7) (quivered)
Scrolls
 c - 2 scrolls of amnesia
 k - 2 scrolls of fear
 m - a scroll of teleportation
 t - a scroll of identify
 u - a scroll of enchant weapon
Potions
 b - a potion of magic
 d - a potion of cancellation
 h - 4 potions of attraction
 j - 2 potions of invisibility
 n - a potion of haste
 o - a potion of resistance
 v - a potion of flight


   Skills:
 - Level 0.2 Fighting
 + Level 7.8 Long Blades
 - Level 3.0 Dodging
 - Level 1.4 Stealth
 - Level 5.8 Spellcasting
 - Level 5.9 Conjurations
 - Level 3.0 Necromancy
 - Level 6.3 Fire Magic
 - Level 3.0 Evocations


You had 9 spell levels left.
You knew the following spells:

 Your Spells              Type           Power      Damage    Failure   Level
a - Foxfire               Conj/Fire      100%       2x1d9     1%          1
b - Scorch                Fire           62%        2d8       1%          2
c - Flame Wave            Conj/Fire      30%        2d9       9%          4
d - Vampiric Draining     Necr           18%        2d7       9%          3

Your spell library contained the following spells:

 Spells                   Type           Power      Damage    Failure   Level
 Conjure Flame            Conj/Fire      30%        6-21      2%          3
 Inner Flame              Hex/Fire       18%        N/A       9%          3
 Slow                     Hex            20%        N/A       11%         1
 Summon Small Mammal      Summ           20%        N/A       11%         1
 Confusing Touch          Hex            5%         N/A       32%         3
 Gell's Gravitas          Tloc           5%         N/A       32%         3
 Lesser Beckoning         Tloc           5%         N/A       32%         3
 Teleport Other           Tloc           5%         N/A       32%         3


Dungeon Overview and Level Annotations

Branches:
Dungeon (8/15) Zot: 2487   Temple (1/1) D:6 Zot: 505   Sewer (visited)
   Lair: D:8-11

Altars:
Ashenzari
Cheibriados
Dithmenos
Elyvilon
Fedhas
Hepliaklqana
Kikubaaqudgha
Makhleb
Nemelex Xobeh
Okawaru
Qazlal
Ru
Sif Muna
Trog
Uskayaw
Vehumet
Wu Jian
Xom
Yredelemnul
The Shining One

Shops:
D:7 [

Annotations:
D:3 1 runed translucent door, hawla's ghost, weakling MeIE
D:8 Erica


Innate Abilities, Weirdness & Mutations

You passively map the area around you.
You are easily found by Zot.
You glow in the dark.
You regain HP and MP as you explore.
You are partially covered in iridescent scales. (AC +2)
You are strong-willed. (Will+)
Your movements are slightly less encumbered by armour. (ER -2)


Message History

Flames lash Erica.
Erica is burned terribly!
Erica is heavily wounded.
You are engulfed in a cloud of scalding steam.
The steam dragon barely misses you.
The steam dragon claws you but does no damage.
Erica screams, "Die!"
Casting: Scorch (safe; 1% risk of failure)
Confirm with . or Enter, or press ? or * to list all spells.
Casting: Flame Wave (dangerous; 9% risk of failure)
Press: ? - help, Dir - look around, f - activate A wave of flame ripples out!
The flame wave engulfs the steam dragon!
The steam dragon is burned terribly!
You kill the steam dragon!
Vehumet accepts your kill.
The steam dragon scales are intact enough to wear. (Press . to intensify the flame waves.)
You are engulfed in a cloud of scalding steam.
A wave of flame ripples out!
The flame wave engulfs Erica!
Erica is burned terribly!
Erica is heavily wounded.
You are engulfed in a cloud of scalding steam.
You hear an angry buzzing noise.
Erica hits you with a +2 scimitar of flaming.
Erica burns you.
You slash Erica!
Your weapon exudes an aura of protection.
Erica is severely wounded.
You are engulfed in a cloud of scalding steam.
Erica hits you with a +2 scimitar of flaming.
Erica burns you.
Casting: Flame Wave (dangerous; 9% risk of failure)
Confirm with . or Enter, or press ? or * to list all spells.
You miscast Foxfire.
You are very lightly contaminated with residual magic.
Nothing appears to happen.
Erica points at you and mumbles some strange words.
The bolt of poison hits you!!
You are poisoned.
You die...

* ** ,* , *
#.........# ,
#.........# , *
, * .........#
, ,,, ,
........# * ,
......$# , , ,
......###
*#..###@.......
,
*#.<..@.......
** ,
####......... *
* ##........*
######### , *,,
** * * , < ,


You could see Erica (invisible, combustible).

Vanquished Creatures
  A steam dragon (D:8)
  A wyvern (D:5)
  Duvessa (D:7)
  A black bear (D:4)
  A sky beast (D:6)
  An ogre (D:4)
  2 phantoms (D:5)
  2 bullfrogs
  4 scorpions
  Dowan (D:7)
  A howler monkey (D:6)
  A jelly (D:5)
  A hound (D:6)
  An orc priest (D:3)
  3 iguanas (D:4)
  An orc wizard (D:3)
  12 adders
  8 gnolls (D:6)
  3 river rats (Sewer)
  2 dart slugs
  10 orcs
  3 bats
  4 endoplasms
  2 goblins
  3 hobgoblins (D:2)
  8 jackals
  3 quokkas (D:2)
  7 ball pythons
  5 frilled lizards
  5 kobolds
  A rat (D:3)
99 creatures vanquished.

Vanquished Creatures (collateral kills)
  2 foxfires (Sewer)
2 creatures vanquished.

Vanquished Creatures (others)
  172 foxfires
  4 fungi (D:6)
  8 plants (Sewer)
184 creatures vanquished.

Grand Total: 285 creatures vanquished

Notes
Turn   | Place    | Note
-------+----------+-------------------------------------------
     0 | D:1      | hawla the Meteoran Fire Elementalist began the quest for
                  | the Orb.
     0 | D:1      | Reached XP level 1. HP: 14/14 MP: 5/5
   148 | D:2      | Reached XP level 2. HP: 19/20 MP: 1/6
   151 | D:2      | Learned a level 2 spell: Scorch
   190 | D:2      | Reached XP level 3. HP: 26/26 MP: 2/8
   356 | D:2      | Found a faded altar of an unknown god.
   408 | D:2      | Reached XP level 4. HP: 33/33 MP: 4/9
   430 | D:3      | Gained mutation: You are strong-willed. (Will+) [potion of
                  | mutation]
   430 | D:3      | Gained mutation: Your movements are slightly less
                  | encumbered by armour. (ER -2) [potion of mutation]
   430 | D:3      | Gained mutation: You are partially covered in iridescent
                  | scales. (AC +2) [potion of mutation]
   434 | D:3      | Identified the +1 chain mail of Beyond {Dex+3}
   460 | D:3      | Found a runed translucent door.
   460 | D:3      | Noticed a bullfrog
   460 | D:3      | Noticed hawla's ghost (weakling MeIE)
   549 | D:3      | Reached skill level 5 in Fire Magic
   552 | D:3      | Reached XP level 5. HP: 11/38 MP: 2/11
   588 | D:3      | Learned a level 4 spell: Flame Wave
   661 | D:4      | Noticed an ogre
   664 | D:4      | Killed an ogre
   665 | D:4      | Reached XP level 6. HP: 45/45 MP: 7/12
   710 | D:4      | Noticed a black bear
   715 | D:4      | Killed a black bear
   716 | D:4      | Reached skill level 5 in Conjurations
   723 | D:4      | Found a hazy altar of Hepliaklqana.
   797 | D:4      | Learned a level 3 spell: Vampiric Draining
   824 | D:4      | Reached XP level 7. HP: 38/50 MP: 5/14
   932 | D:4      | Found a glowing drain.
   946 | Sewer    | Entered a sewer
  1357 | Sewer    | Glimpsed the power of Zot.
  1654 | D:5      | Entered Level 5 of the Dungeon
  1717 | D:5      | Reached skill level 5 in Spellcasting
  1737 | D:5      | Reached XP level 8. HP: 46/57 MP: 12/16
  1999 | D:5      | Found an iron altar of Okawaru.
  2012 | D:5      | Noticed a wyvern
  2015 | D:5      | Reached skill level 1 in Long Blades
  2015 | D:5      | Reached skill level 1 in Evocations
  2017 | D:5      | Killed a wyvern
  2018 | D:5      | Reached skill level 2 in Long Blades
  2104 | D:5      | Found a stormy altar of Qazlal.
  2160 | D:6      | Reached skill level 3 in Long Blades
  2165 | D:6      | Found a shimmering altar of Xom.
  2186 | D:6      | Reached skill level 4 in Long Blades
  2186 | D:6      | Gained mutation: You passively map the area around you.
                  | [Meteoran growth]
  2186 | D:6      | Reached XP level 9. HP: 58/62 MP: 18/18
  2255 | D:6      | Found a staircase to the Ecumenical Temple.
  2263 | Temple   | Entered the Ecumenical Temple
  2387 | D:6      | Reached skill level 5 in Long Blades
  2408 | D:6      | Found a burning altar of Makhleb.
  2507 | D:6      | Found an ornate altar of the Wu Jian Council.
  2669 | D:6      | Found a shadowy altar of Dithmenos.
  2680 | D:6      | Reached skill level 6 in Long Blades
  2720 | D:6      | Found a shimmering blue altar of Sif Muna.
  2720 | D:6      | Found an ancient bone altar of Kikubaaqudgha.
  2722 | D:6      | Found a radiant altar of Vehumet.
  2727 | D:6      | Got Sif Muna's Grimoire of the Legion
  2735 | D:6      | Became a worshipper of Vehumet
  2781 | D:7      | Noticed Dowan
  2782 | D:7      | Noticed Duvessa
  2785 | D:7      | Killed Dowan
  2801 | D:7      | Killed Duvessa
  2802 | D:7      | Reached skill level 7 in Long Blades
  2820 | D:7      | Found Huasevih's Armour Shoppe.
  2842 | D:8      | Noticed Erica
  2852 | D:8      | Killed from afar by Erica

Illustrated notes

Levels and vault maps discovered:
D:1:      evilmike_arrival_rings, layout_basic, nicolae_hexahallways,
          kennysheep_flooded_box
D:2:      wad_river_or_something, layout_loops_ring, basic_ecumenical_altar
D:3:      layout_rooms, pdpol_temple_overflow_zin_treasury_gozag_greed,
          ebering_ghost_sewer_f, chequers_serial_rivers_micro_e
D:4:      layout_basic, mainiacjoe_overflow_brackets,
          cheibrodos_sewer_entry_sluice, serial_glass, glass_columns_c,
          glass_columns_b
D:5:      layout_basic, nicolae_qazlal_eye_of_the_storm,
          okawaru_metal_pillars_1_2
D:6:      gammafunk_wand_slinger, layout_layer_cave,
          grunt_temple_overflow_magic_moments,
          nicolae_dithmenos_through_a_glass_darkly, lemuel_doored_altar,
          mainiacjoe_overflow_alcove_4, mainiacjoe_overflow_alcove_1,
          minmay_temple_entry_junction
D:7:      layout_basic, serial_shops, shop, uniq_pikel, uniq_duvessa,
          uniq_joseph
D:8:      layout_rooms, enter_bailey_5, uniq_erica
Temple:   cyrus_temple_forest

Skill      XL: |  1  2  3  4  5  6  7  8  9 |
---------------+----------------------------+-----
Fire Magic     | 4 5 6 |  6.3
Spellcasting   | 3 4 5 |  5.8
Conjurations   | 4 5 |  5.9
Necromancy     | 2 3 |  3.0
Dodging        | 3 |  3.0
Long Blades    | 4 7 |  7.8
Evocations     | 3 |  3.0
Fighting       | |  0.2
Stealth        | |  1.4

Action                   |  1- 3 |  4- 6 |  7- 9 || total
-------------------------+-------+-------+-------++-------
Melee: Unarmed           |     2 |     6 |    10 ||    18
       Long sword        |       |       |    28 ||    28
       Punch             |       |       |     1 ||     1
 Cast: Foxfire           |    19 |    21 |    58 ||    98
       Scorch            |     6 |    15 |    36 ||    57
       Flame Wave        |       |     1 |     7 ||     8
       Vampiric Draining |       |       |     1 ||     1
  Use: Scroll            |     1 |     8 |    11 ||    20
       Potion            |       |     5 |     2 ||     7
Armor: Robe              |     1 |     9 |    29 ||    39
Dodge: Dodged            |     7 |    12 |    33 ||    52
